 Dungeon Crawl Stone Soup version 0.23.2-1-ga50397a6bc (webtiles) character file.

Game seed: 2502488129596177928

59 Mrkan the Vandal (level 4, -6/29 HPs)
             Began as a Halfling Hunter on May 23, 2019.
             Mangled by Terence
             ... wielding a +0 trident
              (10 damage)
             ... on level 2 of the Dungeon.
             The game lasted 00:05:39 (1551 turns).

Mrkan the Vandal (Halfling Hunter)                  Turns: 1551, Time: 00:05:40

Health: -6/29      AC:  3    Str: 13    XL:     4   Next: 22%
Magic:  4/4        EV: 15    Int:  9    God:
Gold:   90         SH:  0    Dex: 15    Spells: 3/3 levels left

rFire    . . .     SeeInvis .   a - +1 hunting sling
rCold    . . .     Gourm    .   (shield restricted)
rNeg     . . .     Faith    .   c - +0 leather armour
rPois    .         Spirit   .   (no helmet)
rElec    .         Reflect  .   (no cloak)
rCorr    .         Harm     .   (no gloves)
MR       .....                  (no boots)
Stlth    ++........             (no amulet)
HPRegen  0.09/turn              (no ring)
MPRegen  0.09/turn              (no ring)

@: no status effects
A: small, mutation resistance 1
a: no special abilities


You were on level 2 of the Dungeon.
You were hungry.

You visited 1 branch of the dungeon, and saw 2 of its levels.

You collected 90 gold pieces.

Inventory:

Hand Weapons
 a - a +1 hunting sling (weapon)
 b - a +0 short sword
Missiles
 i - 40 stones (quivered)
Armour
 c - a +0 leather armour (worn)
 h - a +0 pair of gloves
 t - a +0 helmet
 w - a +0 cloak
Jewellery
 q - an uncursed amulet of guardian spirit {unknown}
Scrolls
 e - 3 scrolls of identify {unknown}
 j - 2 scrolls of remove curse {unknown}
 k - 2 scrolls of amnesia {unknown}
 l - 3 scrolls of teleportation {unknown}
 o - 2 scrolls of immolation {unknown}
 r - a scroll of noise {unknown}
 v - a scroll of enchant armour {unknown}
Potions
 g - a potion of invisibility {unknown}
 m - a potion of brilliance {unknown}
 n - 2 potions of heal wounds {unknown}
 p - a potion of cancellation {unknown}
 s - 2 potions of lignification {unknown}
 u - a potion of curing {unknown}
 x - a potion of might {unknown}
Comestibles
 f - a ration


   Skills:
 - Level 1.7 Fighting
 * Level 7.3 Slings
 + Level 3.1 Dodging
 - Level 1.1 Stealth


You had 3 spell levels left.
You didn't know any spells.
Your spell library was empty.

Dungeon Overview and Level Annotations

Branches:
Dungeon (2/15)

Altars:

Annotations:
D:2 Terence


Innate Abilities, Weirdness & Mutations

You are small and have problems with some larger weapons.
You are somewhat resistant to further mutation.


Message History

Firing (i - inventory)
i - 43 stones (quivered)
Press: ? - help, Shift-Dir - straight line, f/p - Terence
Aim: Terence, wielding a +0 trident and wearing a +4 ring mail of poison resistance (severely wounded)
You shoot a stone.
The stone hits Terence but does no damage.
Terence is severely wounded.
Firing (i - inventory)
i - 42 stones (quivered)
Press: ? - help, Shift-Dir - straight line, f/p - Terence
Aim: Terence, wielding a +0 trident and wearing a +4 ring mail of poison resistance (severely wounded)
You shoot a stone.
The stone hits Terence but does no damage.
Terence is severely wounded.
Terence hits you from afar with a +0 trident.
* * * LOW HITPOINT WARNING * * *
Firing (i - inventory)
i - 41 stones (quivered)
Press: ? - help, Shift-Dir - straight line, f/p - Terence
Aim: Terence, wielding a +0 trident and wearing a +4 ring mail of poison resistance (severely wounded)
You shoot a stone. The stone closely misses Terence.
Terence hits you from afar with a +0 trident!
You die...

#.......########....#...####.#
####....†........................
[..........................####.#
####.......####################..
#......>... ...............
............. ...............
####################............
#.. .....................)...
#.##########@...........)....
#.##...##.@'......<..........
#..#......##(##.).....########..
#.##......## #.......# #..
#.##......+ ######### #..
#.##.#....# #.. #.##.#....# #.#
#.##.#....####### #.#
##.##.#..........# #.#


You could see Terence.

Vanquished Creatures
  2 adders (D:2)
  2 dart slugs (D:1)
  2 ball pythons
  6 bats
  A giant cockroach (D:2)
  6 goblins
  5 hobgoblins
  A quokka (D:2)
  3 frilled lizards
  4 kobolds
  5 rats
37 creatures vanquished.

Notes
Turn   | Place    | Note
-------+----------+-------------------------------------------
     0 | D:1      | Mrkan the Halfling Hunter began the quest for the Orb.
     0 | D:1      | Reached XP level 1. HP: 14/14 MP: 1/1
    26 | D:1      | Reached skill level 6 in Slings
    79 | D:1      | Reached XP level 2. HP: 19/19 MP: 2/2
   260 | D:1      | Reached XP level 3. HP: 22/24 MP: 3/3
  1029 | D:2      | Reached skill level 7 in Slings
  1222 | D:2      | Reached XP level 4. HP: 29/29 MP: 4/4
  1531 | D:2      | Noticed Terence
  1551 | D:2      | Mangled by Terence

Skill      XL: |  1  2  3 |
---------------+----------+-----
Slings         | 6 7 |  7.3
Dodging        | 3 |  3.1
Fighting       | |  1.7
Stealth        | |  1.1

Action                   |  1- 3 |  4- 6 || total
-------------------------+-------+-------++-------
 Fire: Hunting sling     |    68 |    37 ||   105
  Eat: Chunk             |       |     1 ||     1
Armor: Leather armour    |     5 |     1 ||     6
Dodge: Dodged            |    31 |     8 ||    39
